 Dungeon Crawl Stone Soup version 0.30.1 (webtiles) character file.

Game seed: 16516984622985238159

709 safid the Chiller (level 7, 0/49 (55) HPs)
             Began as a Merfolk Ice Elementalist on July 10, 2023.
             Slain by a wight
             ... wielding a +4 scimitar
              (3 damage)
             ... on level 6 of the Dungeon.
             The game lasted 00:08:07 (4847 turns).

safid the Chiller (Merfolk Ice Elementalist)        Turns: 4847, Time: 00:08:07

HP:   0/49 (55)     AC: 11    Str:  8    XL:     7   Next: 68%
MP:   14/14         EV: 12    Int: 20    God:
Gold: 61            SH:  0    Dex: 14    Spells: 8/15 levels left

rFire   . . .        e - +0 dagger (venom)
rCold   . . .        (no shield)
rNeg    . . .        a - +0 robe
rPois   .            t - +0 helmet {Int+3}
rElec   .            (no cloak)
rCorr   .            i - +0 pair of gloves
SInv    .            (no boots)
Will    .....        p - amulet of magic regeneration
Stlth   ++           (no ring)
HPRegen 0.28/turn    (no ring)
MPRegen 0.54/turn

%: no passive effects
@: ice-armoured, freezing walls, heavily drained
A: (nimble swimmer 2), mertail
a: no special abilities


You were on level 6 of the Dungeon.
You visited 1 branch of the dungeon, and saw 6 of its levels.

You collected 222 gold pieces.
You spent 161 gold pieces at shops.

Inventory:

Hand Weapons
 e - a +0 dagger of venom (weapon)
 n - a +2 dagger of speed
Armour
 a - a +0 robe (worn)
 i - a +0 pair of gloves (worn)
 t - a +0 helmet of intelligence (worn)
Jewellery
 p - an amulet of magic regeneration (around neck)
Scrolls
 c - a scroll of blinking
 f - a scroll of fog {unknown}
 g - a scroll of fear
 h - a scroll of vulnerability {unknown}
 j - a scroll of amnesia {unknown}
 o - a scroll of identify {unknown}
 q - a scroll of enchant armour {unknown}
 r - a scroll of immolation {unknown}
 u - a scroll of enchant weapon {unknown}
 v - a scroll of brand weapon {unknown}
 w - a scroll of teleportation {unknown}
Potions
 b - 2 potions of magic
 k - a potion of curing
 l - a potion of brilliance {unknown}
 m - a potion of might {unknown}
 s - a potion of mutation {unknown}


   Skills:
 + Level 4.9 Fighting
 - Level 2.6 Dodging
 - Level 2.1 Stealth
 + Level 4.6 Spellcasting
 + Level 6.8 Ice Magic


You had 8 spell levels left.
You knew the following spells:

 Your Spells              Type           Power      Damage    Failure   Level
a - Freeze                Ice            100%       1d10      1%          1
b - Frozen Ramparts       Ice            62%        1d10      2%          3
c - Ozocubu's Armour      Ice            31%        N/A       2%          3

Your spell library contained the following spells:

 Spells                   Type           Power      Damage    Failure   Level
 Ensorcelled Hibernation  Hex/Ice        36%        N/A       4%          2
 Magic Dart               Conj           16%        1d3       12%         1
 Sting                    Tmut/Pois      16%        1d3       12%         1
 Passwall                 Tmut/Erth      3%         N/A       19%         2
 Poisonous Vapours        Pois/Air       8%         N/A       19%         2
 Searing Ray              Conj           8%         2d4       19%         2
 Static Discharge         Conj/Air       8%         2-3/arc   19%         2
 Summon Ice Beast         Ice/Summ       18%        N/A       30%         4
 Swiftness                Air            4%         N/A       34%         3
 Airstrike                Air            2%         2d(1-17)  75%         4
 Fulminant Prism          Conj/Hex       2%         3d5       75%         4
 Olgreb's Toxic Radiance  Pois           4%         N/A       75%         4
 Summon Lightning Spire   Summ/Air       4%         N/A       75%         4


Dungeon Overview and Level Annotations

Branches:
Dungeon (6/15)
 Temple: D:4-7

Altars:
Dithmenos

Shops:
D:3 [([[


Innate Abilities, Weirdness & Mutations

((You are very nimble when in or above water. (Stealth+, EV+, Speed+++)))
Your lower body shifts to a powerful aquatic tail in water.


Message History

The wall freezes the wight but does no damage.
The wight hits you with a +4 scimitar!
You hit the white imp.
You kill the white imp!
The wight resists.
The wall freezes the wight.
The wight hits you but does no damage.
Your life force feels restored.
Unknown command.
You hit the wight but do no damage.
The wight is lightly damaged.
The wight resists.
The wall freezes the wight.
The wight hits you with a +4 scimitar!
Unknown command.
You hit the wight but do no damage.
The wight is moderately damaged.
The wight resists.
The wall freezes the wight.
The wight hits you with a +4 scimitar.
* * * LOW HITPOINT WARNING * * *
You feel drained.
Unknown command.
You barely miss the wight.
The wight is moderately damaged.
The wall freezes the wight but does no damage.
The wight barely misses you.
Unknown command.
You hit the wight but do no damage.
The wight is moderately damaged.
The wight completely resists.
The wall freezes the wight but does no damage.
The wight hits you with a +4 scimitar.
* * * LOW HITPOINT WARNING * * *
You feel drained.
* * * LOW HITPOINT WARNING * * *
You hit the wight but do no damage.
The wight is moderately damaged.
The wight resists.
The wall freezes the wight.
The wight hits you with a +4 scimitar!
* * * LOW HITPOINT WARNING * * *
You feel drained.
You die...

#### ..#
#####.#####
#....<..).#
#.###.###.#
#@#
.......z..#
##>?#.#.#.#
#. .......#
... ##. .
#..#. .#.#
.... .. .
.#.. .. #.


You could see a wight.

Vanquished Creatures
  An ice beast (D:5)
  A black bear (D:5)
  A hound (D:6)
  An orc priest (D:4)
  A gnoll bouda (D:5)
  2 jellies (D:5)
  A sleepcap (D:6)
  4 orc wizards
  9 adders
  6 gnolls
  2 shadow imps (D:5)
  A white imp (D:6)
  2 ufetubi
  3 dart slugs
  4 orcs
  9 ball pythons
  7 endoplasms
  4 giant cockroaches
  5 goblins
  6 hobgoblins
  3 jackals (D:2)
  5 quokkas
  2 bats (D:3)
  A frilled lizard (D:2)
  9 kobolds
  4 rats
94 creatures vanquished.

Notes
Turn   | Place    | Note
-------+----------+-------------------------------------------
     0 | D:1      | safid the Merfolk Ice Elementalist began the quest for the
                  | Orb.
     0 | D:1      | Reached XP level 1. HP: 13/13 MP: 3/3
   235 | D:1      | Reached XP level 2. HP: 16/20 MP: 3/5
   279 | D:1      | Reached skill level 1 in Fighting
   782 | D:1      | Found a faded altar of an unknown god.
   979 | D:2      | Reached XP level 3. HP: 13/26 MP: 4/6
   983 | D:2      | Learned a level 3 spell: Frozen Ramparts
  1226 | D:2      | Reached XP level 4. HP: 28/33 MP: 4/8
  1230 | D:2      | Learned a level 3 spell: Ozocubu's Armour
  1354 | D:2      | Reached skill level 5 in Ice Magic
  1722 | D:3      | Found Gejinizu's Armour Shoppe.
  1913 | D:3      | Found Teseanuxeo's Weapon Emporium.
  1959 | D:3      | Found Omaiptach's Antique Armour Shop.
  2516 | D:3      | Found Piceepli's Armour Emporium.
  2862 | D:4      | Reached XP level 5. HP: 33/40 MP: 5/9
  3020 | D:4      | Reached XP level 6. HP: 41/47 MP: 11/11
  3556 | D:5      | Entered Level 5 of the Dungeon
  3808 | D:5      | Noticed an ice beast
  3828 | D:5      | Killed an ice beast
  3829 | D:5      | Reached skill level 6 in Ice Magic
  3944 | D:3      | Bought a +0 helmet of intelligence for 161 gold pieces
  3991 | D:5      | Noticed a black bear
  4001 | D:5      | Killed a black bear
  4002 | D:5      | Reached XP level 7. HP: 48/54 MP: 10/13
  4133 | D:5      | Found a shadowy altar of Dithmenos.
  4847 | D:6      | Slain by a wight

Illustrated notes

Levels and vault maps discovered:
D:1:      dpeg_arrival_refuge, layout_loops_ring,
          shapermc_ecumenical_altar_notcrosses
D:2:      minmay_diamond_boxcup, layout_basic, serial_glass, glass_columns_a,
          glass_columns_b, glass_columns_c, glass_columns_a, glass_columns_a,
          glass_columns_a, minmay_liquid_box, minmay_tetromino_o2
D:3:      layout_basic, serial_shops, nicolae_lakefront_shop, shop,
          nicolae_shop_temple_entry_statues_fountains,
          nicolae_shop_overgrown_old_shop, columned_hall_lemuel
D:4:      layout_basic
D:5:      layout_basic, grunt_dithmenos_shadows
D:6:      layout_loops_corners, lemuel_doored_altar, minmay_fractal_squares_5

Skill      XL: |  1  2  3  4  5  6 |
---------------+-------------------+-----
Fighting       | 1 2 3 4 |  4.9
Ice Magic      | 5 6 |  6.8
Spellcasting   | 3 4 |  4.6
Dodging        | |  2.6
Stealth        | |  2.1

Action                     |  1- 3 |  4- 6 |  7- 9 || total
---------------------------+-------+-------+-------++-------
  Melee: Dagger            |    57 |   141 |    49 ||   247
         Punch             |       |       |     1 ||     1
   Cast: Freeze            |    19 |     5 |     2 ||    26
         Frozen Ramparts   |       |     5 |     4 ||     9
         Ozocubu's Armour  |       |     4 |     2 ||     6
    Use: Scroll            |       |       |     3 ||     3
         Potion            |       |       |     1 ||     1
   Stab: Sleeping          |     6 |     8 |     1 ||    15
 Armour: Robe              |     9 |    28 |    16 ||    53
  Dodge: Dodged            |    39 |    86 |    30 ||   155
